 Dungeon Crawl Stone Soup version 0.30-a0-986-g7f2e898f52 (webtiles) character file.

Game seed: 12846365704895172422

197984 Shard1697 the Bludgeoner (level 18, -29/165 HPs)
             Began as an Armataur Fighter on Apr 2, 2023.
             Was the Champion of Zin.
             Killed from afar by Nikola (71 damage)
             ... with an arc of chain lightning
             ... on level 3 of the Snake Pit.
             The game lasted 00:52:49 (29153 turns).

Shard1697 the Bludgeoner (Armataur Fighter)        Turns: 29153, Time: 00:52:50

Health: -29/165    AC: 22    Str: 21    XL:     18   Next: 20%
Magic:  29/29      EV: 13    Int:  5    God:    Zin [******]
Gold:   1728       SH: 11    Dex: 14    Spells: 17/17 levels left

rFire   + . .      SeeInvis .    a - +3 morningstar "Enepri" {flame, rElec rN+ Str-5}
rCold   . . .      Faith    .    E - +1 kite shield {AC+3}
rNeg    + + +      Spirit   .    V - +2 chain mail {rPois}
rPois   +          Reflect  .    p - +2 helmet
rElec   +          Roll     +    F - +0 cloak {rCorr}
rCorr   +                        e - +0 pair of gloves of Lies {rN+++ Will++ Int-3}
Will    +++..                    (no barding) Stlth
                                 s - amulet of regeneration
HPRegen 1.27/turn                k - +5 ring of evasion
MPRegen 0.21/turn                y - ring of protection from fire

@: mighty, about to teleport, on recite cooldown
A: large, rugged brown scales 3, deformed body, armoured tail, roll, long
tongue, awkward tongue
a: Renounce Religion, Recite, Vitalisation, Imprison, Sanctuary, Donate Gold


You were on level 3 of the Snake Pit.
You worshipped Zin.
Zin was exalted by your worship.
You visited 4 branches of the dungeon, and saw 25 of its levels.

You collected 2531 gold pieces.
You spent 659 gold pieces at shops.
You donated 144 gold pieces to Zin.

Inventory:

Hand Weapons
 a - the +3 morningstar "Enepri" (weapon) {flame, rElec rN+ Str-5}
   (You bought it in a shop on level 2 of the Orcish Mines)

   Str:       It affects your strength (-5).
   rElec:     It insulates you from electricity.
   rN:        It protects you from negative energy.
 b - a +2 broad axe of flaming
 g - a +0 morningstar
Missiles
 h - 2 silver javelins (quivered)
 w - 7 curare-tipped darts
Armour
 e - the +0 pair of gloves of Lies (worn) {rN+++ Will++ Int-3}
   (You acquired it on level 5 of the Lair of Beasts)

   Int:       It affects your intelligence (-3).
   rN:        It renders you almost immune to negative energy.
   Will:      It greatly increases your willpower.
 l - the +3 ring mail of Gravity {rC+}
   (You found it on level 14 of the Dungeon)

   rC:        It protects you from cold.
 p - a +2 helmet (worn)
 E - a +1 kite shield of protection (worn)
 F - a +0 cloak of preservation (worn)
 V - a +2 chain mail of poison resistance (worn)
Jewellery
 k - a +5 ring of evasion (left hand)
 s - an amulet of regeneration (around neck)
 t - a ring of ice
 y - a ring of protection from fire (right hand)
 D - a ring of see invisible
 K - the ring of Internal Strife {+Blink rC+ rCorr}
   (You took it off a meliai on level 11 of the Dungeon)

   [ring of resist corrosion]

   rC:        It protects you from cold.
   +Blink:    It lets you blink.
   rCorr:     It protects you from acid and corrosion.
 Q - a ring of willpower
 R - a ring of resist corrosion
 T - an amulet of faith
Wands
 f - a wand of mindburst (17)
 o - a wand of charming (6)
 H - a wand of flame (18)
 M - a wand of digging (9)
 P - a wand of roots (7)
Scrolls
 c - 12 scrolls of teleportation
 i - 3 scrolls of blinking
 j - 4 scrolls of fog
 m - a scroll of silence
 n - 2 scrolls of enchant weapon
 q - a scroll of poison
 v - 3 scrolls of amnesia
 B - 14 scrolls of identify
 C - 3 scrolls of fear
 I - 2 scrolls of magic mapping
 S - 2 scrolls of enchant armour
Potions
 d - 6 potions of might
 r - 9 potions of flight
 x - 6 potions of mutation
 z - 4 potions of brilliance
 A - 3 potions of invisibility
 G - 2 potions of cancellation
 L - 3 potions of curing
 N - a potion of haste
 O - 3 potions of heal wounds
Miscellaneous
 u - a phial of floods
 J - a phantom mirror


   Skills:
 - Level 12.4 Fighting
 - Level 16.0 Maces & Flails
 - Level 10.4 Armour
 - Level 9.6 Dodging
 * Level 8.2 Shields
 + Level 15.8 Invocations


You had 17 spell levels left.
You didn't know any spells.
Your spell library contained the following spells:

 Spells                   Type           Power      Damage    Failure   Level
 Apportation              Tloc           0%         N/A       100%        1
 Kiss of Death            Conj/Necr      0%         2d5       100%        1
 Sting                    Tmut/Pois      0%         1d3       100%        1
 Blink                    Tloc           0%         N/A       100%        2
 Ensorcelled Hibernation  Hex/Ice        0%         N/A       100%        2
 Lesser Beckoning         Tloc           0%         N/A       100%        2
 Momentum Strike          Conj/Tloc      0%         3d8       100%        2
 Passwall                 Tmut/Erth      0%         N/A       100%        2
 Poisonous Vapours        Pois/Air       0%         N/A       100%        2
 Confusing Touch          Hex            0%         N/A       100%        3
 Frozen Ramparts          Ice            0%         1d1       100%        3
 Swiftness                Air            0%         N/A       100%        3
 Airstrike                Air            0%         2d(0-16)  100%        4
 Dispel Undead            Necr           0%         3d6       100%        4
 Ice Form                 Ice/Tmut       0%         N/A       100%        4
 Olgreb's Toxic Radiance  Pois           0%         N/A       100%        4
 Summon Ice Beast         Ice/Summ       0%         N/A       100%        4
 Summon Lightning Spire   Summ/Air       0%         N/A       100%        4
 Alistair's Intoxication  Tmut/Pois      0%         N/A       100%        5
 Fireball                 Conj/Fire      0%         3d3       100%        5
 Iskenderun's Battlesphe  Conj           0%         2d6       100%        5
 Plasma Beam              Fire/Air       0%         2x1d7     100%        5
 Conjure Ball Lightning   Conj/Air       0%         3x3d6     100%        6
 Orb of Destruction       Conj           0%         9d5       100%        7
 Storm Form               Tmut/Air       0%         N/A       100%        7
 Maxwell's Capacitive Co  Air            0%         ∞         100%        8


Dungeon Overview and Level Annotations

Branches:
Dungeon (15/15)            Temple (0/1) D:5            Lair (5/5) D:10
  Swamp (0/4) Lair:3        Snake (3/4) Lair:2        Slime (0/5) Lair:5
    Orc (2/2) D:10            Elf (0/3) Orc:2        Vaults (0/5) D:13
 Depths (0/4) D:15

Altars:
Ashenzari
Cheibriados
Dithmenos
Elyvilon
Fedhas
Gozag
Hepliaklqana
Makhleb
Nemelex Xobeh
Okawaru
Qazlal
Ru
Sif Muna
Uskayaw
Zin
The Shining One
Jiyva

Shops:
D:1 *   D:10 =(   D:13 =   Orc:1 [   Orc:2 *?=(   Snake:2 !

Portals:
Hell: Lair:5

Annotations:
D:3 2 transporters, IdlyInterested's ghost, amateur DsGl
D:14 3 runed translucent doors, Kapsuk's ghost, journeyman DECj
Snake:3 Nikola


Innate Abilities, Weirdness & Mutations

You are completely covered in rugged brown scales. (AC +3, +7% HP)
Armour fits poorly on your strangely shaped body.
You have a long armoured tail.
You roll when moving toward enemies. (Rampage)
Your long tongue fully drains potion bottles. (2x potion effects)
Your tongue gives you trouble enunciating. (1.5x scroll delay)


Message History

Nikola casts a spell.
Lightning arcs from Nikola's hands!
The bolt of lightning hits you!!! You resist.
A bolt of lightning appears from out of thin air!
The bolt of lightning hits Nikola!
The bolt of lightning hits the naga sharpshooter!!!
You puncture Nikola! You burn Nikola. You tail-slap Nikola.
Nikola is lightly wounded.
The naga sharpshooter casts a spell.
The naga sharpshooter magically shoots an arrow.
The arrow hits you.
You hit Nikola. You burn Nikola. You tail-slap Nikola, but do no damage.
Nikola is lightly wounded.
You block Nikola's attack.
The naga sharpshooter hits the naga with a +0 dire flail!
The naga sharpshooter hits itself with a +0 dire flail!
The naga sharpshooter shoots an arrow.
The arrow misses you.
You puncture Nikola! You burn Nikola.
Nikola is moderately wounded.
Nikola casts a spell.
Lightning arcs from Nikola's hands!
The bolt of lightning hits you!! You resist.
A bolt of lightning appears from out of thin air!
The bolt of lightning hits Nikola.
The bolt of lightning hits the naga sharpshooter!!!
The naga sharpshooter dies!
The naga sharpshooter shoots an arrow.
The arrow hits you!
* * * LOW HITPOINT WARNING * * *
Nikola barely misses you.
As you slowly read the scroll of teleportation, it crumbles to dust.
You feel strangely unstable.
Nikola is no longer dazed.
The naga sharpshooter spits poison at you.
The splash of poison hits you but does no damage.
You resist.
Nikola hits you with a +4 rapier of electrocution.
* * * LOW HITPOINT WARNING * * *
Nikola gestures wildly while chanting.
Lightning arcs from Nikola's hands!
The bolt of lightning hits you!!! You resist.
You die...

..........#
..........#
N.........#
...N......#
....N.....#
........>.#
#.....#
#####.....#
#.....@@..#
#.........#
#.........#
+.........#
#...).....#
#.........#
#.........#
##....######
#########.....##


You could see Nikola, 2 naga sharpshooters and a naga (confused).

Vanquished Creatures
  Aizul (Snake:3)
  A stone giant (D:15)
  The ghost of liarliar the Geomancer, a journeyman FoEE of Sif Muna (Lair:1)
  An ettin (Orc:1)
  Josephine (D:10)
  5 vault guards (D:13)
  7 hydras
  A salamander tyrant (Snake:2)
  Harold (D:11)
  2 catoblepae (Lair:5)
  6 ogre magi
  7 centaur warriors
  23 two-headed ogres
  8 boulder beetles
  5 anacondas
  6 naga warriors
  2 death yaks
  4 shock serpents
  Amaemon (D:11)
  Sonja (D:10)
  A naga sharpshooter (Snake:1)
  A sun demon (Lair:5)
  2 skysharks
  A salamander mystic (Snake:2)
  2 sea snakes (Snake:2)
  2 naga ritualists (Snake:2)
  2 wizards
  2 glowing orange brains (D:14)
  An orc knight (D:15)
  5 deep elf pyromancers
  A harpy (shapeshifter) (D:14)
  3 orc sorcerers
  14 ugly things
  2 mana vipers
  7 cyclopes
  10 salamanders
  A manticore (D:14)
  11 elephants
  19 black mambas
  Maurice (D:9)
  3 orange demons
  3 guardian serpents
  6 naga magi
  A smoke demon (Lair:5)
  3 gargoyles
  14 cane toads
  A torpor snail (Lair:2)
  2 unseen horrors
  2 yaktaurs
  2 kobold demonologists (D:13)
  7 rime drakes
  2 tengu conjurers (D:15)
  3 ice devils (Lair:5)
  An efreet (D:14)
  7 komodo dragons
  5 polar bears
  A red devil (Lair:5)
  A meliai (D:11)
  5 trolls
  A tyrant leech (Lair:3)
  9 blink frogs
  2 dream sheep (Lair:3)
  A blink frog (shapeshifter) (D:14)
  3 slime creatures
  A shadow (D:9)
  A centaur simulacrum (D:11)
  5 wyverns
  Eustachio (D:5)
  6 wraiths
  9 yaks
  2 humans (D:13)
  2 steam dragons
  4 vampire mosquitoes
  4 basilisks
  Menkaure (D:6)
  3 swamp worms (Lair:3)
  3 wargs
  A two-headed ogre zombie (D:10)
  2 acid dragons
  18 nagas
  4 hell hounds (Lair:5)
  Duvessa (D:5)
  13 water moccasins
  2 ice beasts
  15 orc warriors
  2 sky beasts
  3 black bears
  42 ogres
  A boggart (shapeshifter) (D:14)
  10 centaurs
  5 wolves
  8 kobold brigands
  13 bullfrogs
  A gnoll sergeant (D:10)
  A scorpion (D:4)
  14 wights
  Dowan (D:5)
  A howler monkey (shapeshifter) (D:14)
  4 electric eels (Snake:1)
  12 howler monkeys
  2 jellies (D:6)
  19 orc priests
  5 hounds
  3 gnoll boudas
  Crazy Yiuf (D:7)
  Natasha (thrice) (D:3)
  7 iguanas
  9 hell rats (Lair:2)
  26 orc wizards
  An ogre zombie (D:10)
  Robin (D:3)
  18 gnolls
  3 adders
  11 river rats (Lair:2)
  A white imp (D:5)
  2 worms
  3 dart slugs
  86 orcs
  7 endoplasms
  2 giant cockroaches
  17 goblins
  9 hobgoblins
  2 jackals (D:4)
  7 quokkas
  4 ball pythons
  4 bats (D:1)
  A frilled lizard (D:3)
  32 kobolds
  14 rats
  A pillar of salt (Lair:5)
774 creatures vanquished.

Vanquished Creatures (others)
  A naga sharpshooter (Snake:3)
  4 orcs (D:5)
  A butterfly (D:14)
  7 fungi
  5 pillars of salt
  43 plants
61 creatures vanquished.

Grand Total: 835 creatures vanquished

Notes
Turn   | Place    | Note
-------+----------+-------------------------------------------
     0 | D:1      | Shard1697 the Armataur Fighter began the quest for the Orb.
     0 | D:1      | Reached XP level 1. HP: 19/19 MP: 1/1
   114 | D:1      | Reached skill level 2 in Maces & Flails
   385 | D:1      | Reached XP level 2. HP: 26/26 MP: 2/2
   800 | D:1      | Found a faded altar of an unknown god.
   845 | D:1      | Reached skill level 3 in Maces & Flails
   860 | D:1      | Prayed at the altar of an unknown god.
   860 | D:1      | Became a worshipper of Zin the Law-Giver
   860 | D:1      | Reached * piety under Zin
   876 | D:1      | Found Uddougg's General Store.
   887 | D:1      | Reached ** piety under Zin
   897 | D:1      | Bought a potion of heal wounds for 70 gold pieces
   897 | D:1      | Bought a potion of degeneration for 14 gold pieces
  1209 | D:1      | Reached XP level 3. HP: 31/32 MP: 3/3
  1259 | D:2      | Reached *** piety under Zin
  1395 | D:2      | Found a shadowy altar of Dithmenos.
  1853 | D:3      | Noticed Robin
  1864 | D:3      | Killed Robin
  1898 | D:3      | Noticed Natasha
  1920 | D:3      | Killed Natasha
  1921 | D:3      | Reached skill level 4 in Maces & Flails
  1921 | D:3      | Reached XP level 4. HP: 16/39 MP: 4/4
  2211 | D:3      | Noticed an ogre
  2301 | D:3      | Noticed Natasha
  2308 | D:3      | Killed Natasha
  2309 | D:3      | Reached XP level 5. HP: 44/44 MP: 5/5
  2412 | D:3      | Found a transporter.
  2427 | D:3      | Noticed IdlyInterested's ghost (amateur DsGl)
  2428 | D:3      | Noticed an ogre
  2428 | D:3      | Identified the +3 great mace of the Vanishing Olives
                  | {freeze, Drain rElec rPois}
  2428 | D:3      | Noticed an ogre
  2436 | D:3      | Reached skill level 5 in Maces & Flails
  2504 | D:3      | Reached skill level 1 in Invocations
  2557 | D:3      | Identified the +2 leather armour of the Gate {Int+3 Dex-2
                  | SInv}
  2605 | D:3      | Noticed Natasha
  2610 | D:3      | Killed Natasha
  2611 | D:3      | Reached XP level 6. HP: 51/54 MP: 5/7
  2875 | D:3      | Found a transporter.
  2971 | D:4      | Found an iron altar of Okawaru.
  3287 | D:4      | Reached XP level 7. HP: 42/62 MP: 7/9
  3308 | D:4      | Reached **** piety under Zin
  3363 | D:4      | Identified the +3 dagger of the Eight Planets {freeze,
                  | rPois rN+ Int-4}
  3395 | D:4      | Found an opulent altar of Gozag.
  3396 | D:4      | Found a blossoming altar of Fedhas.
  3396 | D:4      | Found a sacrificial altar of Ru.
  3397 | D:4      | Found a white marble altar of Elyvilon.
  3706 | D:4      | Found a stormy altar of Qazlal.
  3706 | D:4      | Found a glowing silver altar of Zin.
  4271 | D:5      | Entered Level 5 of the Dungeon
  4668 | D:5      | Reached skill level 6 in Maces & Flails
  4800 | D:5      | Noticed Eustachio
  4832 | D:5      | Killed Eustachio
  5101 | D:5      | Reached XP level 8. HP: 55/71 MP: 9/11
  5152 | D:5      | Noticed Duvessa
  5152 | D:5      | Noticed Dowan
  5519 | D:5      | Found a shimmering blue altar of Sif Muna.
  5594 | D:5      | Found a staircase to the Ecumenical Temple.
  5762 | D:5      | Killed Duvessa
  5763 | D:5      | Reached skill level 5 in Fighting
  5776 | D:5      | Killed Dowan
  6206 | D:6      | Reached skill level 7 in Maces & Flails
  6285 | D:6      | Found a hide-covered altar of Uskayaw.
  6484 | D:6      | Reached skill level 5 in Invocations
  6632 | D:6      | Identified the +7 sling of Springtime {freeze, Int+5}
  6707 | D:6      | Noticed Menkaure
  6728 | D:6      | Killed Menkaure
  6729 | D:6      | Reached XP level 9. HP: 49/83 MP: 12/12
  6985 | D:6      | Found a glowing golden altar of the Shining One.
  7241 | D:7      | Reached skill level 8 in Maces & Flails
  7626 | D:7      | Found a runed translucent door.
  7627 | D:7      | Noticed Crazy Yiuf
  7751 | D:7      | Killed Crazy Yiuf
  8097 | D:7      | Reached ***** piety under Zin
  8245 | D:8      | Reached skill level 9 in Maces & Flails
  8995 | D:8      | Found a sparkling altar of Nemelex Xobeh.
  9002 | D:8      | Reached XP level 10. HP: 94/94 MP: 14/14
  9506 | D:9      | Noticed Maurice
  9516 | D:9      | Killed Maurice
  9685 | D:9      | Found a hazy altar of Hepliaklqana.
  9841 | D:9      | Found a broken altar of Ashenzari.
  9970 | D:10     | Entered Level 10 of the Dungeon
  9996 | D:10     | Noticed a gargoyle
 10001 | D:10     | Killed a gargoyle
 10002 | D:10     | Reached skill level 10 in Maces & Flails
 10002 | D:10     | Found a staircase to the Lair.
 10046 | D:10     | Noticed Sonja
 10054 | D:10     | Killed Sonja
 10110 | D:10     | Found Oruvus's Antique Weapon Emporium.
 10190 | D:10     | Noticed a two-headed ogre
 10204 | D:10     | Killed a two-headed ogre
 10482 | D:10     | Found a staircase to the Orcish Mines.
 10720 | D:10     | Reached XP level 11. HP: 63/105 MP: 16/16
 10911 | D:10     | Found Ulets's One-of-a-Kind Rings.
 11362 | D:10     | Noticed Josephine
 11384 | D:10     | Killed Josephine
 11388 | D:10     | Noticed a two-headed ogre
 11389 | D:10     | Reached skill level 10 in Fighting
 11392 | D:10     | Noticed a two-headed ogre
 11396 | D:10     | Noticed a two-headed ogre
 11412 | D:10     | Killed a two-headed ogre
 11413 | D:10     | Reached skill level 11 in Maces & Flails
 11425 | D:10     | Killed a two-headed ogre
 11430 | D:10     | Killed a two-headed ogre
 11649 | D:10     | Noticed a two-headed ogre
 11650 | D:10     | Noticed an ogre mage
 11650 | D:10     | Noticed a two-headed ogre
 11650 | D:10     | Noticed a two-headed ogre
 11656 | D:10     | Killed a two-headed ogre
 11663 | D:10     | Killed a two-headed ogre
 11671 | D:10     | Killed a two-headed ogre
 11672 | D:10     | Reached skill level 5 in Armour
 11683 | D:10     | Killed an ogre mage
 11799 | D:10     | Reached ****** piety under Zin
 12016 | D:11     | Reached skill level 12 in Maces & Flails
 12032 | D:11     | Reached XP level 12. HP: 75/115 MP: 18/18
 12132 | D:11     | Noticed Harold
 12152 | D:11     | Killed Harold
 12304 | D:11     | Identified the +4 mace "Esudy" {drain, rElec rF+ Str+3
                  | Dex-3}
 12321 | D:11     | Noticed an ogre mage
 12340 | D:11     | Killed an ogre mage
 12492 | D:11     | You fall into a shaft and drop 3 floors!
 12513 | D:14     | Noticed a four-headed hydra
 12525 | D:14     | Killed a four-headed hydra
 12526 | D:14     | Noticed a seven-headed hydra
 12539 | D:14     | Killed a seven-headed hydra
 12629 | D:14     | Found a white marble altar of Elyvilon.
 12672 | D:14     | Noticed a boulder beetle
 12731 | D:14     | Killed a boulder beetle
 12757 | D:14     | Noticed a centaur warrior
 12770 | D:14     | Killed a centaur warrior
 12827 | D:14     | Found a stormy altar of Qazlal.
 12920 | D:14     | Noticed a centaur warrior
 12933 | D:14     | Killed a centaur warrior
 12934 | D:14     | Reached skill level 13 in Maces & Flails
 12973 | D:14     | Noticed a centaur warrior
 12984 | D:14     | Killed a centaur warrior
 13045 | D:14     | Reached skill level 10 in Invocations
 13140 | D:14     | Reached skill level 10 in Armour
 13142 | D:14     | Identified the +3 ring mail of Gravity {rC+}
 13448 | D:11     | Noticed Amaemon
 13460 | D:11     | Killed Amaemon
 13633 | D:11     | Noticed a two-headed ogre
 13648 | D:11     | Killed a two-headed ogre
 13649 | D:11     | Reached XP level 13. HP: 42/121 MP: 20/20
 13869 | D:11     | Reached skill level 1 in Dodging
 13944 | D:11     | Identified the ring of Internal Strife {+Blink rC+ rCorr}
 14337 | Orc:1    | Entered Level 1 of the Orcish Mines
 14514 | Orc:2    | Entered Level 2 of the Orcish Mines
 14684 | Orc:2    | Paralysed by an orc sorcerer for 3 turns
 14813 | Orc:2    | Reached skill level 14 in Maces & Flails
 15030 | Orc:2    | Found a staircase to the Elven Halls.
 15233 | Orc:1    | Found Sepade's Armour Boutique.
 15263 | Orc:1    | Bought a +1 pair of gloves for 161 gold pieces
 15286 | Orc:1    | Noticed an ettin
 15293 | Orc:1    | Killed an ettin
 15545 | Orc:2    | Paralysed by an ogre mage for 5 turns
 15666 | Orc:2    | Found Fodghi Boqiq's Magic Scroll Emporium.
 15666 | Orc:2    | Found Limikok's Antique Weapon Shop.
 15667 | Orc:2    | Found Tyuw's Assorted Antiques.
 15667 | Orc:2    | Found Foemmiagou's Jewellery Emporium.
 15689 | Orc:2    | Bought a shimmering morningstar for 279 gold pieces
 15689 | Orc:2    | Identified the +3 morningstar "Enepri" {flame, rElec rN+
                  | Str-5} (You bought it in a shop on level 2 of the Orcish
                  | Mines)
 15745 | Orc:2    | Reached skill level 5 in Dodging
 15955 | Orc:2    | Reached XP level 14. HP: 128/128 MP: 22/22
 16899 | D:13     | Reached skill level 15 in Maces & Flails
 17472 | D:13     | Found a gate to the Vaults.
 17697 | D:13     | Found Remiugo's Jewellery Shop.
 17963 | D:14     | Found a runed translucent gate.
 17963 | D:14     | Found a runed translucent gate.
 18028 | D:14     | Found a runed translucent gate.
 18304 | D:14     | Found a runed translucent gate.
 18304 | D:14     | Found a runed translucent gate.
 18309 | D:14     | Found a runed translucent gate.
 18315 | D:14     | Noticed Kapsuk's ghost (journeyman DECj)
 18315 | D:14     | Noticed a cacodemon
 18366 | D:15     | Entered Level 15 of the Dungeon
 18941 | D:15     | Found a staircase to the Depths.
 18941 | D:15     | Noticed a stone giant
 19174 | D:15     | Killed a stone giant
 19634 | Lair:1   | Entered Level 1 of the Lair of Beasts
 19688 | Lair:1   | Found a large runed translucent door.
 19688 | Lair:1   | Found a large runed translucent door.
 19690 | Lair:1   | Noticed liarliar's ghost (journeyman FoEE)
 20098 | Lair:1   | Reached skill level 16 in Maces & Flails
 20133 | Lair:1   | Reached XP level 15. HP: 97/136 MP: 24/24
 20222 | Lair:1   | Found the +3 pair of seven-league boots {Rampage+∞}
 20543 | Lair:1   | Killed liarliar's ghost
 21323 | Lair:2   | Found a staircase to the Snake Pit.
 22062 | Lair:3   | Found a staircase to the Swamp.
 23818 | Lair:5   | Entered Level 5 of the Lair of Beasts
 23999 | Lair:5   | Reached XP level 16. HP: 148/148 MP: 24/27
 23999 | Lair:5   | Reached XP level 17. HP: 156/156 MP: 24/28
 24295 | Lair:5   | Identified a scroll of acquirement
 24307 | Lair:5   | Acquired the +0 pair of gloves of Lies {rN+++ Will++ Int-3}
 24367 | Lair:5   | Found a viscous altar of Jiyva.
 24367 | Lair:5   | Found a staircase to the Slime Pits.
 24943 | Lair:5   | Found a burning altar of Makhleb.
 24962 | Lair:5   | Reached skill level 15 in Invocations
 25217 | Lair:5   | Found a gateway to Hell.
 25571 | Snake:1  | Entered Level 1 of the Snake Pit
 26317 | Snake:1  | Found a snail-covered altar of Cheibriados.
 27167 | Snake:2  | Found Noenk's Distillery.
 27197 | Snake:2  | Reached skill level 5 in Shields
 27253 | Snake:2  | Bought a potion of might for 60 gold pieces
 27253 | Snake:2  | Bought a potion of heal wounds for 75 gold pieces
 27559 | Snake:2  | Reached XP level 18. HP: 104/165 MP: 29/29
 28933 | Snake:3  | Noticed Aizul
 28954 | Snake:3  | Killed Aizul
 29143 | Snake:3  | Noticed Nikola
 29153 | Snake:3  | Killed from afar by Nikola

Illustrated notes

Levels and vault maps discovered:
D:1:      dpeg_arrival_stone_temple_mockup, layout_basic, serial_shops,
          shop_coins, shapermc_ecumenical_altar_ellora
D:2:      layout_loops_ring, basic_altar, kennysheep_generic_room_5
D:3:      layout_basic, gammafunk_ghost_smash, uniq_natasha, uniq_robin
D:4:      layout_layer_cave, hellmonk_okawaru_the_only_friend_you_need,
          chequers_temple_overflow_statue_of_worship,
          nicolae_overflow_two_pavilions
D:5:      layout_gridville, kennysheep_mini_moat, lemuel_temple_firewalk_b,
          lemuel_flamethrower_2, uniq_eustachio, uniq_duvessa
D:6:      layout_gridville, tso_metal_star,
          nicolae_uskayaw_murder_on_the_dancefloor, uniq_menkaure
D:7:      layout_basic, uniq_crazy_yiuf_cottage
D:8:      layout_cave_pools, mainiacjoe_overflow_surrounded_room,
          minmay_orc_keep
D:9:      layout_rooms, mainiacjoe_overflow_alcove_2,
          mainiacjoe_overflow_alcove_4, uniq_maurice
D:10:     lemuel_ogre_cave, layout_loops_corners, dpeg_oklobed_lair,
          serial_shops, nicolae_shop_advertising_works
          [nicolae_subvault_shop_adworks], nicolae_shop_unique_rings,
          uniq_sonja, uniq_josephine
D:11:     minmay_the_grid_octo_2x2 [minmay_the_grid_octo_checkered,
          minmay_the_grid_octo_fat_diamond, minmay_the_grid_octo_empty,
          minmay_the_grid_octo_prize_square_snowflake], layout_basic,
          uniq_amaemon, uniq_harold
D:12:     layout_loops_ring
D:13:     layout_gridville, grunt_vaults_entry_fortified, serial_shops,
          nicolae_shop_stone
D:14:     layout_irregular_city, nicolae_qazlal_eye_of_the_storm,
          ploomutoo_gammafunk_ghost_potion_laboratory,
          nicolae_elyvilon_peaceful_grove
D:15:     grunt_enter_depths_giant_problem, layout_basic
Lair:1:   layout_concentric_octagons, ebering_ghost_disaster_area,
          hellmonk_guarded_unrand_seven_league_boots, grunt_megastairs_2
Lair:2:   lemuel_ratsnest, layout_loops_ring, nicolae_snake_entry_squirm,
          beast_lair_carwin_4
Lair:3:   layout_big_grid, palyth_hydra_swamp_entry, dreamdust_gnoll_shepherd
Lair:4:   layout_layer_cave, beast_lair_carwin_9, infiniplex_staircase_pool_2,
          lemuel_fruit_tree
Lair:5:   evil_forest, layout_regular_city, slime_entry_1,
          gammafunk_lair_bear_cave
Snake:1:  layout_basic, basic_altar, nicolae_snake_snake_lake
Snake:2:  layout_chambers, serial_bayou_shore_a, minmay_shop_star
Snake:3:  layout_grid_maze, uniq_nikola, uniq_aizul
Orc:1:    layout_diamond_mine, basic_altar, serial_shops, shop
Orc:2:    st_orc_ogre_mass, layout_caves, basic_altar, minmay_orc_temple_b

Skill      XL: |  1  2  3  4  5  6  7  8  9 10 11 12 13 14 15 16 17 18 |
---------------+-------------------------------------------------------+-----
Maces & Flails | 2 3 4 5 6 7 9 10 12 13 14 16 | 16.0
Fighting       | 3 4 6 8 9 10 11 12 | 12.4
Invocations    | 1 2 4 5 6 7 8 10 11 12 14 15 | 15.8
Armour         | 6 10 | 10.4
Dodging        | 5 7 8 9 |  9.6
Shields        | 5 8 |  8.2

Action                     |  1- 3 |  4- 6 |  7- 9 | 10-12 | 13-15 | 16-18 || total
---------------------------+-------+-------+-------+-------+-------+-------++-------
  Melee: Flail             |   154 |   120 |   327 |       |       |       ||   601
         Tailslap          |    12 |    12 |    52 |    88 |   260 |   124 ||   548
         Dire flail        |       |       |    69 |   530 |  1253 |   262 ||  2114
         Battleaxe         |       |       |     8 |       |     9 |       ||    17
         Broad axe         |       |       |       |       |     9 |       ||     9
         Morningstar       |       |       |       |       |       |   334 ||   334
 Invoke: Recite            |       |       |     7 |    11 |    20 |    13 ||    51
  Evoke: Wand              |       |       |       |    13 |     1 |     5 ||    19
    Use: Scroll            |       |     8 |     8 |       |     9 |     5 ||    30
         Potion            |       |     3 |     3 |     1 |     3 |     3 ||    13
   Stab: Paralysed         |       |       |     2 |       |    12 |     3 ||    17
         Confused          |       |       |     1 |     2 |     8 |     9 ||    20
         Invisible         |       |       |       |       |     6 |       ||     6
         Petrified         |       |       |       |       |       |    14 ||    14
         Petrifying        |       |       |       |       |       |     1 ||     1
 Armour: Ring mail         |    52 |    35 |       |       |       |       ||    87
         Leather armour    |       |    14 |   191 |       |       |       ||   205
         Chain mail        |       |       |       |   290 |   508 |   216 ||  1014
  Dodge: Dodged            |    64 |    69 |   308 |   288 |   659 |   241 ||  1629
  Block: Buckler           |    25 |    19 |       |       |       |       ||    44
         Kite shield       |       |       |   174 |       |       |   142 ||   316

Table legend: (Time is in decaauts)
 A = Elapsed time spent in this place.
 B = Non-inter-level travel time spent in this place.
 C = Inter-level travel time spent in this place.
 D = Time resting spent in this place.
 E = Time spent auto-exploring this place.
 F = Levels seen in this place.
 G = Mean time per level.
                   A        B        C        D        E       F      G
               +--------+--------+--------+--------+--------+-----+--------+
         Total |  28565 |  26960 |   1605 |   4520 |  16467 |  25 | 1142.6 |
       Dungeon |  17943 |  17073 |    870 |   3005 |  10318 |  15 | 1196.2 |
          Lair |   6086 |   5605 |    481 |    863 |   3729 |   5 | 1217.2 |
     Snake Pit |   2850 |   2739 |    111 |    451 |   1645 |   3 |  950.0 |
  Orcish Mines |   1685 |   1543 |    142 |    201 |    775 |   2 |  842.5 |
               +--------+--------+--------+--------+--------+-----+--------+

Top non-repeatable levels by time:
    D:10: 2252 daAuts
     D:4: 1711 daAuts
     D:5: 1601 daAuts
 Snake:2: 1543 daAuts
    D:11: 1517 daAuts
  Lair:5: 1415 daAuts
  Lair:2: 1385 daAuts
  Lair:4: 1383 daAuts
     D:1: 1273 daAuts
     D:7: 1229 daAuts
   Orc:2: 1217 daAuts
    D:13: 1160 daAuts
    D:15: 1149 daAuts
    D:14: 1117 daAuts
  Lair:1: 1021 daAuts
